[ AOE2 MATCH · #495044404 ]
UnrankedJapanese vs Huns
Player's team · LOSS
Rival team · WIN
[ REPLAY ANALYSIS · EXTRACTED FROM THE RECORDED GAME ]
Feudal
9:29
Castle
31:23
Imperial
—
| APM avg | 51.1 |
| APM peak | 80 |
| eAPM avg | 28.0 |
| Villagers / military | 163 / 111 |
Focus
⚔️ 33.8% · 🌾 66.2%
Samurai ×45 · Militia ×37 · Unknown (2626) ×15 · Spearman ×14 · Fishing Ship ×10 · Battering Ram ×9
Feudal
9:24
Castle
25:54
Imperial
43:46
| APM avg | 40.3 |
| APM peak | 67 |
| eAPM avg | 25.7 |
| Villagers / military | 166 / 116 |
Focus
⚔️ 42.4% · 🌾 57.6%
Cavalry Archer ×50 · Scout Cavalry ×45 · Fishing Ship ×26 · Unknown (2626) ×18 · Tarkan ×8 · Archer ×4
Match map
Initial resources + every placement click. Lines = walls · curves = elevation contours. ◆ gold · ⬟ stone · ● berries · ✦ relic · ◌ wall gap
Your base· Open — unwalled flank
nC_Future's base· Open — unwalled flank
Smoothed initial terrain · ◌ = detected wall gap · hover for details
Inputs per minute
— 酒后帝国 - - nC_Future
Build order — 酒后帝国
First 150 of 394 actions detected
| 0:01 | Create | Villager (Male) |
| 0:01 | Create | Villager (Male) |
| 0:01 | Create | Villager (Male) |
| 0:03 | Build | House |
| 0:04 | Build | House |
| 0:09 | Create | Villager (Male) |
| 1:28 | Create | Villager (Male) |
| 1:29 | Create | Villager (Male) |
| 2:03 | Create | Villager (Male) |
| 2:09 | Build | Lumber Camp |
| 2:10 | Create | Villager (Male) |
| 2:10 | Create | Villager (Male) |
| 2:50 | Create | Villager (Male) |
| 2:51 | Create | Villager (Male) |
| 3:11 | Create | Villager (Male) |
| 3:11 | Create | Villager (Male) |
| 3:16 | Build | House |
| 3:33 | Create | Villager (Male) |
| 3:33 | Create | Villager (Male) |
| 4:00 | Build | Dock |
| 4:04 | Create | Villager (Male) |
| 4:05 | Create | Villager (Male) |
| 4:35 | Create | Villager (Male) |
| 4:36 | Create | Villager (Male) |
| 4:40 | Create | Fishing Ship |
| 4:40 | Create | Fishing Ship |
| 4:56 | Create | Villager (Male) |
| 4:56 | Create | Villager (Male) |
| 5:28 | Create | Villager (Male) |
| 5:28 | Create | Villager (Male) |
| 5:30 | Create | Fishing Ship |
| 5:42 | Build | House |
| 5:46 | Create | Villager (Male) |
| 6:06 | Create | Villager (Male) |
| 6:06 | Create | Villager (Male) |
| 6:06 | Create | Villager (Male) |
| 6:06 | Create | Villager (Male) |
| 6:33 | Build | House |
| 6:42 | Research | Loom |
| 6:42 | Research | Loom |
| 6:57 | Build | Mining Camp |
| 7:19 | Research | Feudal Age |
| 7:20 | Research | Feudal Age |
| 8:23 | Build | Barracks |
| 8:41 | Build | Mill |
| 8:47 | Create | Villager (Male) |
| 8:52 | Build | Palisade Wall |
| 8:54 | Create | Militia |
| 8:54 | Create | Militia |
| 8:54 | Create | Militia |
| 9:10 | Build | House |
| 9:28 | Build | Palisade Wall |
| 9:29 | Age | Feudal Age |
| 9:31 | Build | Palisade Wall |
| 9:32 | Build | Palisade Wall |
| 9:34 | Build | Palisade Wall |
| 9:36 | Build | Palisade Wall |
| 9:40 | Build | Palisade Wall |
| 9:44 | Research | Man-at-Arms (upgrade) |
| 9:44 | Research | Man-at-Arms (upgrade) |
| 9:47 | Create | Villager (Male) |
| 9:48 | Create | Villager (Male) |
| 9:48 | Create | Villager (Male) |
| 9:58 | Build | Palisade Wall |
| 10:03 | Build | Palisade Wall |
| 10:03 | Build | Palisade Wall |
| 10:04 | Build | Palisade Wall |
| 10:05 | Build | Palisade Wall |
| 10:06 | Build | Palisade Wall |
| 10:20 | Create | Spearman |
| 10:20 | Create | Spearman |
| 10:27 | Build | Mining Camp |
| 10:42 | Create | Fishing Ship |
| 10:52 | Create | Villager (Male) |
| 10:52 | Create | Villager (Male) |
| 10:52 | Create | Villager (Male) |
| 10:53 | Create | Villager (Male) |
| 11:12 | Build | Palisade Wall |
| 11:22 | Create | Fishing Ship |
| 11:32 | Build | Watch Tower |
| 11:59 | Create | Villager (Male) |
| 11:59 | Create | Villager (Male) |
| 12:00 | Create | Villager (Male) |
| 12:00 | Create | Villager (Male) |
| 12:02 | Create | Spearman |
| 12:02 | Create | Spearman |
| 12:02 | Create | Spearman |
| 12:22 | Create | Spearman |
| 12:23 | Create | Spearman |
| 12:26 | Create | Villager (Male) |
| 12:26 | Create | Villager (Male) |
| 12:26 | Create | Villager (Male) |
| 12:28 | Build | House |
| 13:22 | Create | Spearman |
| 13:22 | Create | Spearman |
| 13:33 | Build | Palisade Wall |
| 13:33 | Build | Palisade Wall |
| 13:47 | Build | Palisade Wall |
| 13:49 | Build | Palisade Wall |
| 13:52 | Create | Villager (Male) |
| 13:52 | Create | Villager (Male) |
| 13:52 | Create | Villager (Male) |
| 13:52 | Create | Villager (Male) |
| 14:11 | Build | Dock |
| 14:17 | Create | Militia |
| 14:17 | Create | Militia |
| 14:18 | Create | Militia |
| 14:22 | Build | House |
| 14:24 | Build | House |
| 14:36 | Create | Fishing Ship |
| 14:49 | Create | Fire Galley |
| 14:49 | Create | Fire Galley |
| 14:50 | Create | Fire Galley |
| 14:56 | Create | Villager (Male) |
| 14:56 | Create | Villager (Male) |
| 14:56 | Create | Villager (Male) |
| 15:20 | Create | Villager (Male) |
| 15:20 | Create | Villager (Male) |
| 15:34 | Create | Militia |
| 15:48 | Build | Watch Tower |
| 15:54 | Create | Villager (Male) |
| 15:55 | Create | Villager (Male) |
| 15:55 | Create | Villager (Male) |
| 15:57 | Build | Farm |
| 15:57 | Build | Farm |
| 16:27 | Create | Villager (Male) |
| 16:27 | Create | Villager (Male) |
| 16:27 | Create | Villager (Male) |
| 16:27 | Create | Villager (Male) |
| 16:28 | Create | Villager (Male) |
| 16:44 | Create | Fire Galley |
| 16:44 | Create | Fire Galley |
| 16:45 | Create | Fire Galley |
| 16:48 | Build | House |
| 17:00 | Create | Villager (Male) |
| 17:00 | Create | Villager (Male) |
| 17:00 | Create | Villager (Male) |
| 17:09 | Build | Watch Tower |
| 17:14 | Build | Watch Tower |
| 17:27 | Build | Palisade Wall |
| 17:39 | Build | Palisade Wall |
| 17:55 | Create | Militia |
| 17:56 | Create | Militia |
| 17:57 | Create | Villager (Male) |
| 17:57 | Create | Villager (Male) |
| 17:58 | Create | Villager (Male) |
| 17:58 | Create | Villager (Male) |
| 17:59 | Build | House |
| 18:06 | Build | Watch Tower |
| 18:49 | Build | Palisade Wall |
Build order — nC_Future
First 150 of 391 actions detected
| 0:00 | Create | Villager (Male) |
| 0:01 | Create | Villager (Male) |
| 0:47 | Create | Villager (Male) |
| 0:47 | Create | Villager (Male) |
| 0:47 | Create | Villager (Male) |
| 1:17 | Create | Villager (Male) |
| 1:47 | Build | Lumber Camp |
| 1:59 | Create | Villager (Male) |
| 2:08 | Create | Villager (Male) |
| 2:44 | Create | Villager (Male) |
| 3:10 | Create | Villager (Male) |
| 3:46 | Create | Villager (Male) |
| 4:09 | Build | Dock |
| 4:11 | Create | Villager (Male) |
| 4:24 | Build | Palisade Wall |
| 4:26 | Build | Palisade Wall |
| 4:36 | Create | Villager (Male) |
| 4:53 | Create | Fishing Ship |
| 5:02 | Create | Villager (Male) |
| 5:15 | Create | Fishing Ship |
| 5:21 | Create | Villager (Male) |
| 5:38 | Create | Fishing Ship |
| 5:47 | Create | Villager (Male) |
| 6:22 | Create | Villager (Male) |
| 6:27 | Create | Villager (Male) |
| 6:27 | Create | Villager (Male) |
| 6:31 | Create | Fishing Ship |
| 6:36 | Research | Loom |
| 7:14 | Research | Feudal Age |
| 7:18 | Build | Lumber Camp |
| 8:17 | Build | Dock |
| 8:20 | Build | Palisade Wall |
| 8:22 | Build | Palisade Wall |
| 8:49 | Build | Barracks |
| 9:20 | Build | Palisade Wall |
| 9:22 | Build | Palisade Wall |
| 9:24 | Age | Feudal Age |
| 9:25 | Build | Palisade Wall |
| 9:27 | Build | Palisade Wall |
| 9:29 | Create | Villager (Male) |
| 9:32 | Build | Stable |
| 9:34 | Create | Villager (Male) |
| 9:41 | Research | Double-Bit Axe |
| 9:50 | Create | Fishing Ship |
| 9:57 | Create | Spearman |
| 10:02 | Create | Villager (Male) |
| 10:13 | Create | Scout Cavalry |
| 10:14 | Create | Scout Cavalry |
| 10:14 | Create | Scout Cavalry |
| 10:14 | Create | Scout Cavalry |
| 10:22 | Create | Fishing Ship |
| 10:23 | Create | Fishing Ship |
| 10:31 | Create | Villager (Male) |
| 10:45 | Create | Fishing Ship |
| 10:47 | Create | Villager (Male) |
| 11:06 | Create | Fishing Ship |
| 11:11 | Create | Scout Cavalry |
| 11:11 | Create | Scout Cavalry |
| 11:43 | Create | Villager (Male) |
| 11:47 | Create | Scout Cavalry |
| 11:52 | Build | Blacksmith |
| 11:54 | Create | Spearman |
| 11:54 | Create | Spearman |
| 12:06 | Create | Villager (Male) |
| 12:16 | Create | Fishing Ship |
| 12:16 | Create | Fishing Ship |
| 12:24 | Create | Fishing Ship |
| 12:25 | Create | Fishing Ship |
| 12:38 | Create | Scout Cavalry |
| 12:38 | Create | Scout Cavalry |
| 12:42 | Research | Forging |
| 12:46 | Create | Villager (Male) |
| 13:22 | Create | Scout Cavalry |
| 13:22 | Create | Scout Cavalry |
| 13:30 | Create | Villager (Male) |
| 13:44 | Build | Mill |
| 13:46 | Create | Villager (Male) |
| 14:00 | Create | Fishing Ship |
| 14:02 | Create | Fishing Ship |
| 14:10 | Build | Dock |
| 14:13 | Create | Villager (Male) |
| 14:21 | Build | Farm |
| 14:24 | Create | Villager (Male) |
| 14:30 | Build | Mining Camp |
| 14:46 | Create | Villager (Male) |
| 14:54 | Create | Villager (Male) |
| 15:01 | Build | Mill |
| 15:06 | Create | Villager (Male) |
| 15:17 | Create | Scout Cavalry |
| 15:17 | Create | Scout Cavalry |
| 15:17 | Create | Scout Cavalry |
| 15:36 | Build | Lumber Camp |
| 15:38 | Research | Tech 906 |
| 15:38 | Research | Tech 906 |
| 15:43 | Create | Scout Cavalry |
| 15:43 | Create | Scout Cavalry |
| 15:43 | Create | Scout Cavalry |
| 15:43 | Create | Scout Cavalry |
| 15:50 | Research | Scale Barding Armor |
| 15:50 | Research | Scale Barding Armor |
| 16:02 | Create | Unit 2626 |
| 16:03 | Create | Unit 2626 |
| 16:14 | Create | Scout Cavalry |
| 16:28 | Create | Unit 2626 |
| 16:29 | Create | Unit 2626 |
| 16:42 | Create | Unit 2626 |
| 16:44 | Create | Fishing Ship |
| 16:54 | Create | Villager (Male) |
| 17:16 | Create | Fishing Ship |
| 17:22 | Build | Dock |
| 17:29 | Create | Scout Cavalry |
| 17:29 | Create | Scout Cavalry |
| 17:29 | Create | Scout Cavalry |
| 17:29 | Create | Scout Cavalry |
| 17:29 | Create | Scout Cavalry |
| 17:37 | Create | Villager (Male) |
| 17:43 | Create | Unit 2626 |
| 17:59 | Create | Villager (Male) |
| 18:04 | Build | Mining Camp |
| 18:07 | Build | Market |
| 18:41 | Create | Scout Cavalry |
| 18:41 | Create | Scout Cavalry |
| 18:41 | Create | Scout Cavalry |
| 18:41 | Create | Scout Cavalry |
| 18:41 | Create | Scout Cavalry |
| 18:52 | Build | Archery Range |
| 18:52 | Build | Archery Range |
| 18:56 | Create | Villager (Male) |
| 19:01 | Create | Scout Cavalry |
| 19:01 | Create | Scout Cavalry |
| 19:01 | Create | Scout Cavalry |
| 19:01 | Create | Scout Cavalry |
| 19:15 | Create | Scout Cavalry |
| 19:15 | Create | Scout Cavalry |
| 19:15 | Create | Scout Cavalry |
| 19:27 | Create | Villager (Male) |
| 19:31 | Build | Lumber Camp |
| 19:46 | Build | Farm |
| 19:47 | Create | Villager (Male) |
| 19:55 | Create | Fishing Ship |
| 19:55 | Create | Fishing Ship |
| 20:04 | Create | Unit 2626 |
| 20:04 | Create | Unit 2626 |
| 20:15 | Create | Villager (Male) |
| 20:17 | Build | Farm |
| 20:20 | Build | Farm |
| 20:21 | Create | Villager (Male) |
| 20:26 | Research | Bloodlines |
| 20:37 | Build | Lumber Camp |
| 20:54 | Create | Villager (Male) |
Match timeline
| 4:00 | 酒后帝国 · first_building Dock |
| 4:09 | nC_Future · first_building Dock |
| 4:24 | nC_Future · wall_segment Palisade Wall x1 |
| 4:26 | nC_Future · wall_segment Palisade Wall x1 |
| 8:20 | nC_Future · wall_segment Palisade Wall x1 |
| 8:22 | nC_Future · wall_segment Palisade Wall x1 |
| 8:23 | 酒后帝国 · first_building Barracks |
| 8:49 | nC_Future · first_building Barracks |
| 8:52 | 酒后帝国 · wall_segment Palisade Wall x1 |
| 9:20 | nC_Future · wall_segment Palisade Wall x1 |
| 9:22 | nC_Future · wall_segment Palisade Wall x1 |
| 9:24 | nC_Future · age_up feudal |
| 9:25 | nC_Future · wall_segment Palisade Wall x1 |
| 9:27 | nC_Future · wall_segment Palisade Wall x1 |
| 9:28 | 酒后帝国 · wall_segment Palisade Wall x4 |
| 9:29 | 酒后帝国 · age_up feudal |
| 9:31 | 酒后帝国 · wall_segment Palisade Wall x3 |
| 9:32 | nC_Future · first_building Stable |
| 9:32 | 酒后帝国 · wall_segment Palisade Wall x3 |
| 9:34 | 酒后帝国 · wall_segment Palisade Wall x1 |
| 9:36 | 酒后帝国 · wall_segment Palisade Wall x1 |
| 9:40 | 酒后帝国 · wall_segment Palisade Wall x1 |
| 9:58 | 酒后帝国 · wall_segment Palisade Wall x1 |
| 10:03 | 酒后帝国 · wall_segment Palisade Wall x3 |
| 10:03 | 酒后帝国 · wall_segment Palisade Wall x1 |
| 10:04 | 酒后帝国 · wall_segment Palisade Wall x1 |
| 10:05 | 酒后帝国 · wall_segment Palisade Wall x1 |
| 10:06 | 酒后帝国 · wall_segment Palisade Wall x1 |
| 11:12 | 酒后帝国 · wall_segment Palisade Wall x3 |
| 13:33 | 酒后帝国 · wall_segment Palisade Wall x2 |
| 13:33 | 酒后帝国 · wall_segment Palisade Wall x2 |
| 13:47 | 酒后帝国 · wall_segment Palisade Wall x1 |
| 13:49 | 酒后帝国 · wall_segment Palisade Wall x1 |
| 17:27 | 酒后帝国 · wall_segment Palisade Wall x4 |
| 17:39 | 酒后帝国 · wall_segment Palisade Wall x1 |
| 18:48 | nC_Future · first_market_sell 500 stone |
| 18:49 | 酒后帝国 · wall_segment Palisade Wall x2 |
| 18:49 | 酒后帝国 · wall_segment Palisade Wall x3 |
| 18:50 | 酒后帝国 · wall_segment Palisade Wall x1 |
| 18:52 | nC_Future · first_building Archery Range |
| 22:29 | 酒后帝国 · wall_segment Palisade Wall x1 |
| 22:38 | 酒后帝国 · wall_segment Palisade Wall x1 |
| 22:40 | 酒后帝国 · wall_segment Palisade Wall x3 |
| 25:54 | nC_Future · age_up castle |
| 28:41 | 酒后帝国 · first_market_buy 100 food |
| 29:38 | nC_Future · first_building Castle |
| 31:15 | nC_Future · first_market_buy 100 stone |
| 31:23 | 酒后帝国 · age_up castle |
| 33:40 | nC_Future · first_building Monastery |
| 35:58 | 酒后帝国 · first_building Siege Workshop |
| 37:37 | 酒后帝国 · first_market_sell 100 food |
| 37:54 | 酒后帝国 · first_building Castle |
| 43:46 | nC_Future · age_up imperial |
| 43:56 | 酒后帝国 · resign |
[ AI ANALYSIS · 1 CREDIT ]
What really happened in this match?
Wolo.gg analyzes every decision: build order, eco, micro, common mistakes by bracket. Personalized analysis on WhatsApp or Discord in 30 seconds.
Civ guide
Japanese
Perfil
新竹